 Dungeon Crawl Stone Soup version 0.17.0-18-gaab0e96 (webtiles) character file.

593 dysrexia the Skirmisher (level 7, -1/52 HPs)
             Began as a Human Monk on Nov 11, 2015.
             Was a Believer of Okawaru.
             Succumbed to Sigmund's poison
             ... on level 4 of the Dungeon.
             The game lasted 00:15:42 (5224 turns).

dysrexia the Skirmisher (Human Monk)                Turns: 5224, Time: 00:15:42

Health: -1/52      AC:  8    Str: 12    XL:     7   Next: 67%
Magic:  7/7        EV: 17    Int: 11    God:    Okawaru [**....]
Gold:   98         SH:  0    Dex: 21    Spells: 0 memorised, 6 levels left

rFire  . . .     SeeInvis .       - Unarmed
rCold  . . .     Rnd*Rage +     p - +0 ring mail
rNeg   . . .     SustAt   .     (no shield)
rPois  .         Gourm    .     A - +1 hat
rElec  .         Spirit   .     (no cloak)
rCorr  .         Warding  .     (no gloves)
rMut   .         Stasis   .     (no boots)
MR     .....                    (no amulet)
Stlth  ++++......               (no ring)
                                z - ring of wizardry

@: agile, lethally poisoned (-1 -> -17), exhausted, slowed, very slow, not
resistant to hostile enchantments, stealthy
A: thin metallic scales 1, berserk 1, frail 1
a: Heroism, Renounce Religion


You were on level 4 of the Dungeon.
You worshipped Okawaru.
Okawaru was pleased with you.
You were hungry.

You visited 1 branch of the dungeon, and saw 4 of its levels.

You collected 98 gold pieces.

Inventory:

Hand Weapons
 e - a -3 blowgun
Missiles
 c - 55 poisoned needles
 j - 142 stones (quivered)
Armour
 a - a +0 robe
 p - a +0 ring mail (worn)
 v - a +0 plate armour
 A - a +1 hat (worn)
Magical Staves
 s - an uncursed staff of cold
Jewellery
 z - a ring of wizardry (left hand)
Wands
 y - a wand of slowing (28)
Scrolls
 f - a scroll of identify
 g - 3 scrolls of remove curse
 k - a scroll of immolation
 l - a scroll of recharging {unknown}
 m - a scroll of blinking {unknown}
 q - a scroll of amnesia {unknown}
 t - a scroll of magic mapping {unknown}
 w - a scroll of teleportation
Potions
 r - a potion of cure mutation
Comestibles
 b - 6 bread rations
 d - 3 fruits
 h - a slice of pizza
 o - a meat ration


   Skills:
 * Level 6.3 Fighting
 - Level 3.0 Dodging
 + Level 4.9 Stealth
 - Level 5.2 Unarmed Combat


You had 6 spell levels left.
You didn't know any spells.

Dungeon Overview and Level Annotations

Branches:
Dungeon (4/15)
 Temple: D:4-7

Altars:
Cheibriados
Dithmenos
Gozag
Okawaru
Trog
Zin


Innate Abilities, Weirdness & Mutations

You are partially covered in thin metallic scales (AC +2).
You tend to lose your temper in combat.
You are frail (-10% HP).


Message History

a scythe of venom; a robe You feel your anger subside.
You are no longer berserk.
You are exhausted.
You feel yourself slow down.
You are feeling hungry.
* * * LOW HITPOINT WARNING * * *
You feel sick.
Drink which item? (? for menu, Esc to quit)
It was a potion of mutation.
You feel extremely strange.
Thin metallic scales grow over part of your body.
You feel a little pissed off.
You feel frail.
* * * LOW HITPOINT WARNING * * *
You feel sick.
Unknown command.
Read which item? (? for menu, Esc to quit)
Okay, then.
Drink which item? (? for menu, Esc to quit)
You feel agile all of a sudden.
You die...

...........................((..†.
#.....########################...
#.....'..................# #.[.
#.....##################.# #...
####### ##.#####... ..#
#....)..### ..# #.......# ..#
#########.......# ..#
#.@.....+.......# ..#
#)#######.......# ### #.#
#.......# #.# #.......# #.#
#.......# #.# #.......# #.#
#.......### ##########.#
####<...... ###..........#
########


There were no monsters in sight!

Vanquished Creatures
  Sigmund (D:4)
  A big kobold (D:4)
  A hound (D:3)
  An orc priest (D:4)
  An orc wizard (D:3)
  A worker ant (D:4)
  Natasha (thrice) (D:3)
  An iguana (D:3)
  4 adders
  4 oozes
  An adder skeleton (D:4)
  2 worms
  5 giant geckos
  5 orcs
  4 ball pythons
  6 giant cockroaches
  12 goblins
  13 hobgoblins
  18 jackals
  10 kobolds
  A quokka (D:2)
  7 bats
  2 giant newts
  7 rats
111 creatures vanquished.

Notes
Turn   | Place    | Note
--------------------------------------------------------------
     0 | D:1      | dysrexia the Human Monk began the quest for the Orb.
     0 | D:1      | Reached XP level 1. HP: 18/18 MP: 1/1
    64 | D:1      | Reached XP level 2. HP: 21/24 MP: 2/2
   200 | D:1      | Reached XP level 3. HP: 21/29 MP: 3/3
   312 | D:1      | Reached skill level 5 in Unarmed Combat
   787 | D:1      | Reached XP level 4. HP: 35/35 MP: 4/4
  1740 | D:2      | Reached XP level 5. HP: 20/41 MP: 5/5
  2260 | D:2      | Found a bloodstained altar of Trog.
  2261 | D:2      | Found an iron altar of Okawaru.
  2267 | D:2      | Became a worshipper of Warmaster Okawaru
  2267 | D:2      | Reached * piety under Okawaru
  2267 | D:2      | Reached ** piety under Okawaru
  2421 | D:2      | Found an opulent altar of Gozag.
  2421 | D:2      | Found a glowing silver altar of Zin.
  2636 | D:3      | Noticed Natasha
  2662 | D:3      | Killed Natasha
  2866 | D:3      | Noticed Natasha
  2947 | D:3      | Killed Natasha
  3037 | D:3      | Noticed Natasha
  3120 | D:3      | Killed Natasha
  3227 | D:3      | Reached XP level 6. HP: 23/49 MP: 6/6
  4091 | D:3      | Found a snail-covered altar of Cheibriados.
  4158 | D:3      | Reached skill level 5 in Fighting
  4713 | D:4      | Reached XP level 7. HP: 40/56 MP: 5/7
  4721 | D:4      | Found a shadowy altar of Dithmenos.
  5184 | D:4      | Noticed Sigmund
  5218 | D:4      | Killed Sigmund
  5218 | D:4      | Reached skill level 6 in Fighting
  5223 | D:4      | Gained mutation: You are partially covered in thin metallic scales (AC +2). [potion of mutation]
  5223 | D:4      | Gained mutation: You tend to lose your temper in combat. [potion of mutation]
  5223 | D:4      | Gained mutation: You are frail (-10% HP). [potion of mutation]
  5223 | D:4      | HP: 2/52 [poisoned by Sigmund]
  5224 | D:4      | Succumbed to Sigmund's poison

Action                   |  1- 3 |  4- 6 |  7- 9 || total
-------------------------+-------+-------+-------++-------
Melee: Unarmed           |    94 |   348 |    33 ||   475
 Fire: Blowgun           |       |     8 |       ||     8
Throw: Stone             |       |    15 |     1 ||    16
Invok: Heroism           |       |     3 |       ||     3
  Use: Potion            |       |     4 |     4 ||     8
       Scroll            |       |     6 |       ||     6
 Stab: Sleeping          |     6 |     3 |     1 ||    10
  Eat: Chunk             |       |    13 |     1 ||    14
